 Dungeon Crawl Stone Soup version 0.29-a0-330-g52719c12eb (webtiles) character file.

Game seed: 2260103168341895881

175 kae the Firebug (level 5, -10/38 HPs)
             Began as a Demigod Fire Elementalist on May 1, 2022.
             Blown up by Ijyb (18 damage)
             ... with a mindburst bolt
             ... on level 3 of the Dungeon.
             The game lasted 00:01:47 (3820 turns).

kae the Firebug (Demigod Fire Elementalist)         Turns: 3820, Time: 00:01:48

Health: -10/38     AC:  3    Str:  9    XL:     5   Next: 8%
Magic:  1/12       EV: 12    Int: 21    God:
Gold:   139        SH:  0    Dex: 14    Spells: 4/10 levels left

rFire   . . .      SeeInvis .   h - +3 short sword (freeze)
rCold   . . .      Faith    .   (no shield)
rNeg    . . .      Spirit   .   a - +1 robe
rPois   .          Reflect  .   (no helmet)
rElec   .          Harm     .   (no cloak)
rCorr   .          Rampage  .   (no gloves)
Will    .....                   (no boots)
Stlth   ++........              i - amulet of regeneration
HPRegen 0.92/turn               (no ring)
MPRegen 0.13/turn               (no ring)

@: no status effects
A: high MP 1, forlorn, divine attributes
a: no special abilities


You were on level 3 of the Dungeon.
You visited 1 branch of the dungeon, and saw 4 of its levels.

You collected 139 gold pieces.

Inventory:

Hand Weapons
 h - a +3 short sword of freezing (weapon)
Armour
 a - a +1 robe (worn)
Jewellery
 i - an amulet of regeneration (around neck)
Wands
 p - a wand of flame (19)
Scrolls
 d - a scroll of teleportation
 k - a scroll of amnesia
 n - a scroll of enchant armour
Potions
 b - 4 potions of magic
 c - a potion of haste {unknown}
 e - 2 potions of heal wounds
 g - 3 potions of curing
 j - 2 potions of lignification {unknown}
 m - a potion of invisibility {unknown}
 q - a potion of ambrosia {unknown}


   Skills:
 - Level 1.7 Dodging
 - Level 1.7 Stealth
 + Level 3.0 Spellcasting
 + Level 2.7 Conjurations
 + Level 3.8 Fire Magic


You had 4 spell levels left.
You knew the following spells:

 Your Spells              Type           Power      Damage    Failure   Level
a - Foxfire               Conj/Fire      68%        2x1d7     3%          1
b - Scorch                Fire           38%        2d6       4%          2
c - Conjure Flame         Conj/Fire      17%        6-21      11%         3

Your spell library contained the following spells:

 Spells                   Type           Power      Damage    Failure   Level
 Inner Flame              Hex/Fire       11%        N/A       19%         3
 Flame Wave               Conj/Fire      17%        2d6       34%         4


Dungeon Overview and Level Annotations

Branches:
Dungeon (4/15)
 Temple: D:4-7

Annotations:
D:3 1 runed translucent door, Grinder; Ijyb; gruber's ghost, amateur DsIE
D:4 Robin


Innate Abilities, Weirdness & Mutations

You have an increased reservoir of magic. (+10% MP)
You shall have no god before yourself.
Your divine heritage dramatically boosts your attributes as you level up.


Message History

Confirm with . or Enter, or press ? or * to list all spells.
You conjure some foxfire!
Ijyb closely misses you.
The foxfire hits Ijyb but does no damage.
Ijyb is moderately wounded.
The foxfire hits Ijyb.
Ijyb is heavily wounded.
Ijyb hits you but does no damage.
Ijyb zaps a wand.
You struggle to resist.
Casting: Foxfire (safe; 3% risk of failure)
Confirm with . or Enter, or press ? or * to list all spells.
You conjure some foxfire!
Ijyb closely misses you.
The foxfire hits Ijyb.
Ijyb is severely wounded.
The foxfire hits Ijyb.
Ijyb is severely wounded.
Ijyb barely misses you.
Casting: Foxfire (safe; 3% risk of failure)
Confirm with . or Enter, or press ? or * to list all spells.
You conjure some foxfire!
Ijyb hits you with a +1 dagger of speed.
Ijyb barely misses you.
The foxfire hits Ijyb but does no damage.
Ijyb is severely wounded.
The foxfire hits Ijyb but does no damage.
Ijyb is severely wounded.
Ijyb zaps a wand.
Your mind is blasted!
Casting: Foxfire (safe; 3% risk of failure)
Confirm with . or Enter, or press ? or * to list all spells.
You conjure some foxfire!
Ijyb grins evilly.
Ijyb closely misses you.
The foxfire hits Ijyb but does no damage.
Ijyb is severely wounded.
The foxfire hits Ijyb but does no damage.
Ijyb is severely wounded.
Ijyb zaps a wand.
Your mind is blasted!
* * * LOW HITPOINT WARNING * * *
Casting: Foxfire (safe; 3% risk of failure)
Confirm with . or Enter, or press ? or * to list all spells.
You conjure some foxfire!
Ijyb zaps a wand.
Your mind is blasted!
You die...

#.# ###'### #.# #.....# #.#
#.....###### #.#
#.....#..... #. #########.#
#.....#.#### #. g.......#.#
#.....#....# #.
#.#.###.....#..#.# #.
#gv............... #.
#@................ #o
#v..........##.#.#
##g########...........##.#.#
#§S§§§§§S§....##########.#.#
###########.############.#.#
#..............#.#.#
#.#.##########.#....
##.#..............#.#
#....#...######.#.#..


You could see Ijyb (ally target).

Vanquished Creatures
  Natasha (thrice) (D:2)
  An orc wizard (D:3)
  An adder (D:2)
  An ufetubus (D:3)
  A dart slug (D:1)
  4 orcs (D:3)
  2 endoplasms
  4 giant cockroaches
  7 goblins
  4 hobgoblins
  7 kobolds
  6 quokkas
  3 ball pythons
  A bat (D:1)
  2 frilled lizards
  12 rats
59 creatures vanquished.

Vanquished Creatures (others)
  186 foxfires
186 creatures vanquished.

Grand Total: 245 creatures vanquished

Notes
Turn   | Place    | Note
-------+----------+-------------------------------------------
     0 | D:1      | kae the Demigod Fire Elementalist began the quest for the
                  | Orb.
     0 | D:1      | Reached XP level 1. HP: 14/14 MP: 5/5
   141 | D:1      | Reached skill level 1 in Conjurations
   548 | D:1      | Reached XP level 2. HP: 12/20 MP: 2/7
  1336 | D:1      | Learned a level 2 spell: Scorch
  1374 | D:2      | Noticed Natasha
  1386 | D:2      | Killed Natasha
  1387 | D:2      | Reached XP level 3. HP: 26/26 MP: 3/9
  1450 | D:2      | Learned a level 3 spell: Conjure Flame
  1485 | D:2      | Noticed Natasha
  1491 | D:2      | Killed Natasha
  1741 | D:2      | Noticed Natasha
  1747 | D:2      | Killed Natasha
  1748 | D:2      | Reached XP level 4. HP: 33/33 MP: 5/10
  2403 | D:3      | Noticed Grinder
  3022 | D:3      | Reached XP level 5. HP: 38/38 MP: 10/12
  3411 | D:3      | Found a runed translucent door.
  3582 | D:3      | Noticed Ijyb
  3697 | D:3      | Noticed gruber's ghost (amateur DsIE)
  3791 | D:4      | Noticed Robin
  3820 | D:3      | Blown up by Ijyb

Illustrated notes

Levels and vault maps discovered:
D:1:      roderic_chinese_lattice_arrival, layout_basic,
          hellmonk_ecumenical_altar_defaced_shrine, grunt_decor_arrowhead,
          st_stairs_7, fountainhead
D:2:      layout_loops_ring, uniq_natasha
D:3:      layout_basic, mainiacjoe_overflow_boulevard,
          ebering_ghost_reflecting_pool, minmay_tree_intersection, st_stairs_13,
          minmay_misc_feat_nine_boxes, grunt_decor_fettered,
          uniq_crazy_yiuf_cottage, uniq_grinder, uniq_ijyb
D:4:      layout_basic, gammafunk_ghost_mausoleum, uniq_robin

Skill      XL: |  1  2  3  4 |
---------------+-------------+-----
Conjurations   | 1 2 |  2.7
Spellcasting   | 2 3 |  3.0
Fire Magic     | 3 |  3.8
Dodging        | |  1.7
Stealth        | |  1.7

Action                   |  1- 3 |  4- 6 || total
-------------------------+-------+-------++-------
Melee: Short sword       |    12 |     4 ||    16
 Cast: Foxfire           |    63 |    55 ||   118
       Scorch            |       |     9 ||     9
  Use: Scroll            |       |     9 ||     9
Armor: Robe              |     5 |     2 ||     7
Dodge: Dodged            |    20 |    34 ||    54

Table legend: (Time is in decaauts)
 A = Elapsed time spent in this place.
 B = Non-inter-level travel time spent in this place.
 C = Inter-level travel time spent in this place.
 D = Time resting spent in this place.
 E = Time spent auto-exploring this place.
 F = Levels seen in this place.
 G = Mean time per level.
                   A        B        C        D        E       F      G
               +--------+--------+--------+--------+--------+-----+--------+
         Total |   3822 |   3704 |    118 |      0 |   3259 |   4 |  955.5 |
       Dungeon |   3822 |   3704 |    118 |      0 |   3259 |   4 |  955.5 |
               +--------+--------+--------+--------+--------+-----+--------+

Top non-repeatable levels by time:
     D:3: 1399 daAuts
     D:1: 1341 daAuts
     D:2: 1077 daAuts
     D:4: 3 daAuts
